AoeStats
← Your_Dad

Lombardia

508754178Analyzed
4v4 RM · 10d ago on Sep 23, 2026· 69m 58s· 8 players
Game mode
Random Map
Map size
Large (8 player)
Population
200
Speed
Normal
Resources
Standard
Victory
Conquest
Starting age
Dark Age
Ending age
Imperial Age
RankedLock teamsTeams togetherTeam positionsShared explorationLock speedFull tech treeHidden civsTurbo modeCheats
Victory
Defeat
🇦🇷 Magyars · Argentina
1010
+15
🇺🇸 Varangians · United States
992
+16
983
+16
🇨🇱 Danes · Chile
956
+18
🇰🇿 Huns · Kazakhstan
1010
-17
🇩🇪 Hindustanis · Germany
982
-16
🇵🇱 Saxons · Poland
978
-32
🇺🇸 Varangians · United States
973
-16
oKC CHIEFS FANo
9:56 Feudal Age
10:36 Double-Bit Axe
16:18 Loom
20:12 Castle Age
20:06 Horse Collar
21:12 Bow Saw
31:14 Wheelbarrow
30:26 Town Watch
30:56 Forging
32:00 Heavy Plow
35:16 Imperial Age
32:51 Scale Mail Armor
33:50 Iron Casting
33:20 Squires
33:05 Arson
33:42 Masonry
33:49 Caravan
35:34 Gold Mining
35:35 Stone Mining
37:59 Gothikon
38:58 Chain Mail Armor
39:51 Hand Cart
39:44 Elite Varangian Guard
41:50 Blast Furnace
41:44 Plate Mail Armor
41:47 Architecture
42:00 Conscription
42:41 Fletching
43:17 Ballistics
58:11 Bodkin Arrow
59:19 Chemistry
58:54 Murder Holes
Fro!
7:41 Loom
10:04 Feudal Age
10:49 Double-Bit Axe
17:12 Bloodlines
20:29 Castle Age
26:27 Gold Mining
26:23 Horse Collar
27:35 Bow Saw
35:40 Imperial Age
34:05 Husbandry
35:20 Scale Barding Armor
35:54 Gold Shaft Mining
36:46 Conscription
35:57 Cavalier
37:01 Chain Barding Armor
37:58 Wheelbarrow
37:29 Caravan
38:17 Plate Barding Armor
37:24 Paladin
40:58 Hand Cart
44:35 Capped Ram
45:48 Onager
49:34 Chemistry
58:29 Siege Engineers
63:08 Masonry
63:13 Fletching
63:24 Padded Archer Armor
63:28 Town Watch
67:11 Heavy Plow
68:21 Two-Man Saw
Kanito
13:39 Feudal Age
14:02 Horse Collar
14:12 Double-Bit Axe
15:24 Man-at-Arms
17:29 Forging
18:18 Scale Mail Armor
24:32 Castle Age
23:14 Stone Mining
23:48 Gold Mining
24:37 Long Swordsman
25:05 Gambesons
25:46 Squires
26:04 Heavy Plow
27:54 Bow Saw
28:07 Ballistics
28:27 Murder Holes
29:53 Arson
31:29 Wheelbarrow
30:47 Pikeman
34:14 Hamask
35:08 Masonry
38:21 Iron Casting
38:40 Caravan
39:59 Chain Mail Armor
40:12 Hand Cart
44:23 Imperial Age
45:34 Conscription
45:15 Elite Jomsviking
45:58 Elite Varangian Guard
46:16 Halberdier
49:15 Heavy Scorpion
54:22 Blast Furnace
53:52 Plate Mail Armor
53:11 Two-Handed Swordsman
55:07 Champion
61:50 Padded Archer Armor
64:26 Northmen's Fury
67:12 Chemistry
65:49 Onager
69:15 Scale Barding Armor
68:37 Siege Onager
victor.rodrigo159753
4:07 Loom
11:23 Feudal Age
12:43 Wheelbarrow
11:52 Horse Collar
11:59 Double-Bit Axe
19:57 Castle Age
24:31 Hand Cart
25:47 Heavy Plow
30:02 Imperial Age
29:57 Chemistry
33:40 Fortified Wall
36:48 Pikeman
37:29 Squires
38:41 Conscription
40:37 Forging
40:27 Scale Mail Armor
41:26 Elite Skirmisher
47:03 Wagenburg Tactics
47:56 Bow Saw
48:32 Caravan
53:30 Houfnice
56:20 Ballistics
55:53 Elite Hussite Wagon
57:34 Halberdier
57:59 Arson
62:57 Two-Man Saw
62:57 Iron Casting
62:38 Chain Mail Armor
66:14 Blast Furnace
65:44 Plate Mail Armor
70:24 Hussite Reforms
69:50 Sappers
69:43 Crossbowman
69:45 Man-at-Arms
70:15 Town Watch
Your_Dad
7:45 Loom
10:07 Feudal Age
10:44 Double-Bit Axe
12:57 Bloodlines
16:46 Scale Barding Armor
18:42 Horse Collar
21:14 Castle Age
20:24 Forging
22:07 Bow Saw
22:08 Husbandry
23:32 Chain Barding Armor
23:50 Iron Casting
24:14 Wheelbarrow
25:24 Heavy Plow
26:59 Squires
26:45 Arson
26:46 Gambesons
27:29 Gold Mining
27:30 Stone Mining
28:27 Scale Mail Armor
28:19 Fletching
29:35 Caravan
31:44 Hand Cart
35:56 Imperial Age
36:28 Bodkin Arrow
36:10 Vendel Legacy
37:06 Cavalier
38:38 Stone Shaft Mining
38:48 Plate Barding Armor
39:47 Elite Jarl
40:52 Conscription
50:47 Blast Furnace
49:48 Bracer
49:51 Padded Archer Armor
Viking
4:32 Loom
12:56 Feudal Age
14:28 Horse Collar
16:09 Double-Bit Axe
18:37 Castle Age
21:15 Bow Saw
22:28 Caravan
22:37 Squires
22:22 Arson
25:19 Scale Mail Armor
25:30 Forging
34:00 Wheelbarrow
33:11 Town Watch
37:52 Imperial Age
38:34 Hand Cart
38:14 Shield Wall
39:16 Conscription
38:44 Elite Varangian Guard
39:11 Gambesons
45:19 Chain Mail Armor
45:39 Iron Casting
48:22 Plate Mail Armor
50:03 Scale Barding Armor
49:48 Fletching
49:58 Padded Archer Armor
52:08 Bodkin Arrow
53:20 Thumb Ring
53:06 Elite Skirmisher
54:45 Bracer
55:25 Ballistics
57:47 Leather Archer Armor
57:53 Chain Barding Armor
58:01 Cranequins
59:26 Heavy Mounted Crossbowman
60:32 Husbandry
60:42 Bloodlines
60:03 Crossbowman
61:03 Arbalester
63:02 Chemistry
DeSong
3:51 Loom
12:23 Feudal Age
17:01 Castle Age
15:52 Fletching
16:59 Padded Archer Armor
17:59 Double-Bit Axe
18:06 Horse Collar
25:45 Gold Mining
26:52 Bow Saw
28:15 Heavy Plow
30:36 Gold Shaft Mining
33:53 Imperial Age
32:01 Wheelbarrow
31:11 Town Watch
31:37 Stone Mining
32:07 Thumb Ring
32:00 Bodkin Arrow
33:22 Caravan
35:22 Parthian Tactics
34:26 Heavy Cavalry Archer
35:14 Bracer
36:10 Conscription
36:45 Leather Archer Armor
37:02 Ballistics
38:32 Chemistry
37:40 Husbandry
37:51 Bloodlines
40:50 Scale Barding Armor
40:56 Forging
43:31 Two-Man Saw
45:33 Cavalier
47:48 Light Cavalry
49:33 Hussar
51:54 Chain Barding Armor
52:10 Iron Casting
59:26 Plate Barding Armor
59:52 Blast Furnace
60:47 Masonry
65:21 Paladin
Jimmy Levy (GEO)
2:11 Loom
12:31 Feudal Age
17:29 Castle Age
15:36 Double-Bit Axe
16:10 Horse Collar
25:14 Town Watch
26:53 Wheelbarrow
28:30 Bow Saw
29:21 Hand Cart
32:36 Imperial Age
30:54 Fortified Wall
31:00 Heavy Plow
31:00 Gold Mining
31:21 Caravan
31:53 Coinage
32:02 Stone Mining
32:48 Gold Shaft Mining
35:22 Two-Man Saw
35:25 Chemistry
34:31 Siege Engineers
34:47 Ballistics
35:11 Stone Shaft Mining
35:43 Scale Barding Armor
35:39 Scale Mail Armor
35:49 Forging
37:06 Hoardings
36:57 Padded Archer Armor
37:17 Chain Barding Armor
36:21 Pikeman
37:01 Squires
36:47 Arson
37:45 Chain Mail Armor
36:56 Heavy Camel Rider
37:37 Husbandry
37:39 Fletching
39:03 Banking
39:12 Iron Casting
38:53 Leather Archer Armor
38:54 Bloodlines
40:22 Plate Barding Armor
40:05 Masonry
39:21 Imperial Camel Rider
39:22 Light Cavalry
43:57 Blast Furnace
42:53 Bodkin Arrow
43:06 Shatagni
43:27 Conscription
43:08 Grand Trunk Road
42:38 Hussar
44:49 Ring Archer Armor
45:01 Elite Skirmisher
47:39 Bracer
49:04 Man-at-Arms
51:03 Long Swordsman
54:06 Two-Handed Swordsman
55:45 Champion
57:42 Siege Elephant
59:58 Town Patrol
Connection lost

Rejoining the realm…

Still unreachable

The connection could not be restored.

Session expired

The server has moved on; the page needs a fresh start.